 Dungeon Crawl Stone Soup version 0.31-a0-675-g238779eb0a (webtiles) character file.

Game seed: 5035651715685917844

625 qw the Shooter (level 7, -11/44 HPs)
             Began as a Gargoyle Hunter on Sept 5, 2023.
             Blown up by Ijyb (14 damage)
             ... with a mindburst bolt
             ... on level 5 of the Dungeon.
             The game lasted 00:01:45 (3350 turns).

qw the Shooter (Gargoyle Hunter)                    Turns: 3350, Time: 00:01:45

Health: -11/44     AC: 10    Str: 15    XL:     7   Next: 47%
Magic:  7/7        EV: 16    Int:  9    God:
Gold:   208        SH:  0    Dex: 15    Spells: 6/6 levels left

rFire   + . .        q - +0 shortbow (heavy)
rCold   + . .        (shield currently unavailable)
rNeg    + + .        h - +0 ring mail
rPois   inf          (no helmet)
rElec   +            a - scarf {rC+ rF+}
rCorr   .            (no gloves)
SInv    .            (no boots)
Will    .....        k - amulet of faith
Stlth   +            b - +5 ring of evasion
HPRegen 0.27/turn    o - ring of positive energy
MPRegen 0.10/turn

%: faith
@: no status effects
A: sickness immunity, AC +4, negative energy resistance 1, electricity
resistance, torment resistance 1, petrification resistance
a: no special abilities


You were on level 5 of the Dungeon.
You visited 1 branch of the dungeon, and saw 5 of its levels.
You also visited: Sewer.

You collected 208 gold pieces.


Innate Abilities, Weirdness & Mutations

You are immune to sickness and miasma.
Your stone body is resilient. (AC +4)
You are immune to poison.
You resist negative energy. (rN+)
You are resistant to electric shocks. (rElec)
You are resistant to unholy torment.
You are immune to petrification.


   Skills:
 - Level 4.7 Fighting
 + Level 7.9 Ranged Weapons
 - Level 1.0 Armour
 - Level 1.5 Dodging
 - Level 1.1 Stealth


You had 6 spell levels left.
You didn't know any spells.
Your spell library was empty.

Inventory:

Hand Weapons
 q - a +0 heavy shortbow (weapon)
Armour
 a - a scarf of resistance (worn)
 h - a +0 ring mail (worn)
Jewellery
 b - a +5 ring of evasion (left hand)
 k - an amulet of faith (around neck)
 o - a ring of positive energy (right hand)
Scrolls
 c - a scroll of enchant armour
 m - a scroll of identify
 p - a scroll of amnesia {unknown}
 r - a scroll of poison {unknown}
Potions
 d - a potion of curing {unknown}
 e - a potion of enlightenment {unknown}
 f - a potion of degeneration {unknown}
 g - a potion of cancellation {unknown}
 i - a potion of invisibility {unknown}
 j - a potion of might {unknown}
 l - 2 potions of haste
 n - a potion of brilliance {unknown}

Dungeon Overview and Level Annotations

Branches:
Dungeon (5/15)              Sewer (visited)
 Temple: D:4-7

Altars:
Yredelemnul

Annotations:
D:5 1 transporter, Ijyb


Message History

You shoot an arrow. The arrow hits the black bear!
The black bear is heavily wounded.
You shoot an arrow.
The arrow completely misses the black bear.
You shoot an arrow.
The arrow hits the black bear but does no damage.
The black bear is heavily wounded.
You shoot an arrow. The arrow hits the black bear!
The black bear is almost dead.
The black bear barely misses you.
The black bear claws you but does no damage. x2
The black bear barely misses you.
The black bear claws you but does no damage. x2
You shoot an arrow. The arrow hits the black bear!
You kill the black bear!
r - a scroll labelled DOVARO VAPSE
Found a wand of flame (10).
Ijyb the Twisted Goblin comes into view.
She is wielding a +0 dagger and carrying a wand of mindburst.
Ijyb shouts!
Ijyb screams, "Me very upset!"
Ijyb zaps a wand.
You struggle to resist.
You shoot an arrow. The arrow barely misses Ijyb.
Ijyb zaps a wand.
You struggle to resist.
You shoot an arrow. The arrow barely misses Ijyb.
You shoot an arrow. The arrow completely misses Ijyb.
Ijyb zaps a wand.
Your mind is blasted!
You shoot an arrow. The arrow barely misses Ijyb.
Ijyb zaps a wand.
Your mind is blasted!
You shoot an arrow. The arrow barely misses Ijyb.
Ijyb zaps a wand.
Your mind is blasted!
Ijyb zaps a wand.
Your mind is blasted!
You shoot an arrow. The arrow completely misses Ijyb.
You shoot an arrow. The arrow hits Ijyb!
Ijyb is heavily wounded.
Ijyb zaps a wand.
Your mind is blasted!
You shoot an arrow. The arrow hits Ijyb but does no damage.
Ijyb is heavily wounded.
Ijyb closely misses you.
You shoot an arrow. The arrow barely misses Ijyb.
Ijyb zaps a wand.
Your mind is blasted!
You die...

..# ... #.# #...
...~#.. #.# #....
...~#.. #.#...... .#
#+###..##.#..#... .#
./.P#..##.#.... .#
.^.8#..##.g.# .#
#####..#.@..# .#
.^........#.# .#
.###....# #
.#######.# #..#.#
....#....# #..#.#
###...# ##.##.# #
###.#### #..##.#
#####....###..##.#
..........##..##.###


You could see Ijyb.

Vanquished Creatures
  2 black bears
  A phantom (D:4)
  2 bullfrogs (Sewer)
  Jessica (D:2)
  10 adders
  A shadow imp (D:5)
  A worm (D:4)
  3 dart slugs
  2 orcs (D:3)
  13 ball pythons
  14 endoplasms
  13 giant cockroaches
  4 goblins
  4 hobgoblins
  7 jackals
  9 quokkas
  3 bats
  13 frilled lizards
  11 kobolds
  8 rats
122 creatures vanquished.

Notes
Turn   | Place    | Note
-------+----------+-------------------------------------------
     0 | D:1      | qw the Gargoyle Hunter began the quest for the Orb.
     0 | D:1      | Reached XP level 1. HP: 12/12 MP: 1/1
     0 | D:1      | 0 ||| qw: Version: 0.3-a-75-gb5c8c4b
     0 | D:1      | 0 ||| qw: Game counter: 9
     0 | D:1      | 0 ||| qw: Melee chars always use a shield: true
     0 | D:1      | 0 ||| qw: God list: Okawaru
     0 | D:1      | 0 ||| qw: Allow faded altars: false
     0 | D:1      | 0 ||| qw: Do Orc after clearing Dungeon:15 true
     0 | D:1      | 0 ||| qw: Do second Lair branch before Depths: true
     0 | D:1      | 0 ||| qw: Lair rune preference: random
     0 | D:1      | 0 ||| qw: Goals: Normal
     0 | D:1      | 0 ||| PLANNING D:1-11
    82 | D:1      | Reached XP level 2. HP: 17/17 MP: 2/2
   757 | D:1      | 757 ||| READING scroll labelled MEUKKI IXTOTHRU.
   758 | D:1      | 758 ||| DROPPING scroll of butterflies.
   872 | D:2      | Reached XP level 3. HP: 21/21 MP: 3/3
   896 | D:2      | Noticed Jessica
   916 | D:2      | Killed Jessica
   917 | D:2      | Reached skill level 5 in Ranged Weapons
   977 | D:2      | Reached XP level 4. HP: 25/27 MP: 4/4
  1022 | D:2      | Reached skill level 3 in Fighting
  1442 | D:2      | 1442 ||| UPGRADING to +5 ring of evasion.
  1443 | D:2      | 1443 ||| READING scroll labelled HEMAFI ANOC.
  1456 | D:3      | 1456 ||| PLANNING SEWER
  1618 | D:3      | 1618 ||| DRINKING 2 pink potions.
  1619 | D:3      | 1619 ||| DROPPING potion of attraction.
  1621 | D:3      | 1621 ||| Stepping ~*~*~tactically~*~*~ (water).
  1638 | D:3      | Reached XP level 5. HP: 29/32 MP: 5/5
  1698 | D:3      | Found a basalt altar of Yredelemnul.
  1957 | D:3      | 1957 ||| Stepping ~*~*~tactically~*~*~ (water).
  1976 | D:3      | Reached skill level 6 in Ranged Weapons
  2000 | D:3      | Found a glowing drain.
  2001 | D:3      | 2001 ||| UPGRADING to scarf of resistance.
  2006 | D:3      | 2006 ||| UPGRADING to +0 ring mail.
  2016 | D:3      | 2016 ||| DROPPING +0 leather armour.
  2022 | Sewer    | Entered a sewer
  2080 | Sewer    | 2080 ||| Stepping ~*~*~tactically~*~*~ (water).
  2085 | Sewer    | 2085 ||| Stepping ~*~*~tactically~*~*~ (water).
  2087 | Sewer    | Reached skill level 1 in Armour
  2123 | Sewer    | 2123 ||| Stepping ~*~*~tactically~*~*~ (water).
  2134 | Sewer    | 2134 ||| Stepping ~*~*~tactically~*~*~ (water).
  2141 | Sewer    | 2141 ||| Stepping ~*~*~tactically~*~*~ (water).
  2185 | Sewer    | 2185 ||| Stepping ~*~*~tactically~*~*~ (water).
  2214 | Sewer    | 2214 ||| Stepping ~*~*~tactically~*~*~ (water).
  2232 | Sewer    | 2232 ||| Stepping ~*~*~tactically~*~*~ (water).
  2246 | Sewer    | 2246 ||| Stepping ~*~*~tactically~*~*~ (water).
  2271 | Sewer    | 2271 ||| Stepping ~*~*~tactically~*~*~ (water).
  2332 | Sewer    | Reached XP level 6. HP: 36/39 MP: 6/6
  2406 | Sewer    | 2406 ||| READING scroll labelled TIROYH ITSESE.
  2407 | Sewer    | 2407 ||| READING scroll labelled YCOUSESTR OMUAS.
  2422 | D:3      | 2422 ||| PLANNING D:1-11
  2942 | D:4      | Noticed a black bear
  2960 | D:4      | Killed a black bear
  2961 | D:4      | Reached skill level 7 in Ranged Weapons
  2961 | D:4      | Reached XP level 7. HP: 12/44 MP: 7/7
  3161 | D:4      | 3161 ||| UPGRADING to amulet of faith.
  3166 | D:4      | 3166 ||| UPGRADING to ring of positive energy.
  3167 | D:4      | 3167 ||| READING scroll labelled MIDIPTU FIAN.
  3168 | D:4      | 3168 ||| READING scroll labelled QEOZIM NOLIHOU.
  3169 | D:4      | 3169 ||| READING scroll labelled RYRUTIUWK.
  3174 | D:4      | 3174 ||| READING scroll labelled NOANOP AKKU.
  3175 | D:4      | 3175 ||| DRINKING 3 green potions.
  3196 | D:5      | Entered Level 5 of the Dungeon
  3338 | D:5      | Found a transporter.
  3341 | D:5      | Noticed Ijyb
  3346 | D:5      | HP: 4/44 [disintegration (9)]
  3350 | D:5      | Blown up by Ijyb

Levels and vault maps discovered:
D:1:      dpeg_arrival_arbitrary_a, layout_basic
D:2:      layout_rooms, serial_forest, infiniplex_forest_clump_medium,
          infiniplex_forest_clump_double, infiniplex_forest_straight_5,
          infiniplex_forest_straight_3, infiniplex_forest_lined_2,
          infiniplex_forest_lined_ring, infiniplex_forest_straight_4,
          infiniplex_forest_clump_small, infiniplex_forest_clump_medium,
          minmay_tripent, uniq_jessica
D:3:      layout_basic, lemuel_doored_altar, gup_sewer_entry_bubbles,
          serial_bayou, serial_bayou_lagoon_a, serial_bayou_pond_d,
          serial_bayou_pond_e, serial_bayou_crossing
D:4:      layout_gridville, minmay_cut_off
D:5:      gammafunk_steamed_eel, layout_basic, mainiacjoe_overflow_24_doors,
          uniq_ijyb

Skill      XL: |  1  2  3  4  5  6 |
---------------+-------------------+-----
Ranged Weapons | 5 6 7 |  7.9
Fighting       | 3 4 |  4.7
Armour         | 1 |  1.0
Dodging        | |  1.5
Stealth        | |  1.1

Action                     |  1- 3 |  4- 6 |  7- 9 || total
---------------------------+-------+-------+-------++-------
   Fire: Shortbow          |    84 |   324 |    29 ||   437
    Use: Scroll            |     1 |     3 |     4 ||     8
         Potion            |       |     1 |     1 ||     2
 Armour: Leather armour    |    17 |    25 |       ||    42
         Ring mail         |       |    82 |     8 ||    90
  Dodge: Dodged            |    12 |   202 |    13 ||   227

Table legend:
 A = Non-vault XP
 B = Vault XP
 C = Vault XP percentage of total XP
 D = Non-vault monster count
 E = Vault monster count
 F = Vault count percentage of total count
                 A         B        C        D         E       F
            +---------+---------+-------+---------+---------+-------
      Total |     448 |     446 |  49.9 |      72 |      50 |  41.0
            +---------+---------+-------+---------+---------+-------
        D:1 |      27 |       0 |   0.0 |      15 |       0 |   0.0
        D:2 |      74 |      39 |  34.5 |      27 |       3 |  10.0
        D:3 |      36 |      10 |  21.7 |      16 |       6 |  27.3
        D:4 |     145 |     126 |  46.5 |       7 |       1 |  12.5
        D:5 |     166 |       0 |   0.0 |       7 |       0 |   0.0
      Sewer |       0 |     271 | 100.0 |       0 |      40 | 100.0
            +---------+---------+-------+---------+---------+-------
